 Dungeon Crawl Stone Soup version 0.30-a0-373-gd37427bb62 (webtiles) character file.

Game seed: 7188793017328742427

91 cowcol the Ruffian (level 4, -1/36 HPs)
             Began as a Draconian Transmuter on Nov 24, 2022.
             Slain by a water moccasin (8 damage)
             ... on level 6 of the Dungeon.
             The game lasted 00:12:40 (1846 turns).

cowcol the Ruffian (Draconian Transmuter)           Turns: 1846, Time: 00:12:40

Health: -1/36      AC:  7    Str: 21    XL:     4   Next: 33%
Magic:  7/7        EV: 10    Int: 13    God:
Gold:   136        SH:  6    Dex: 11    Spells: 6/7 levels left

rFire   . . .      SeeInvis .    s - +0 mace
rCold   . . .      Faith    .    v - +0 kite shield
rNeg    . . .      Spirit   .    (body armour unavailable)
rPois   .          Reflect  .    (helmet restricted)
rElec   .          Harm     .    (no cloak)
rCorr   .          Rampage  .    m - +0 pair of gloves
Will    .....                    p - +0 pair of boots
Stlth   +.........               (no amulet)
HPRegen 0.26/turn                y - +6 ring of strength
MPRegen 0.10/turn                (no ring)

@: lethally poisoned (-1 -> -8)
A: AC +5, unfitting armour, cold-blooded
a: no special abilities


You were on level 6 of the Dungeon.
You visited 1 branch of the dungeon, and saw 4 of its levels.

You collected 136 gold pieces.

Inventory:

Hand Weapons
 c - a +0 short sword
 e - a +0 club
 j - a +0 spear
 r - a +0 club
 s - a +0 mace (weapon)
 w - a +2 spectral quarterstaff
Missiles
 f - 8 stones
 t - 2 boomerangs (quivered)
Armour
 m - a +0 pair of gloves (worn)
 p - a +0 pair of boots (worn)
 q - a +2 animal skin
 v - a +0 kite shield (worn)
Jewellery
 y - a +6 ring of strength (left hand)
Scrolls
 b - a scroll of enchant weapon {unknown}
 d - 3 scrolls of teleportation
 i - a scroll of silence
 k - 2 scrolls of amnesia {unknown}
 l - 2 scrolls of identify {unknown}
 n - a scroll of poison {unknown}
 u - a scroll of fear {unknown}
 x - a scroll of magic mapping {unknown}
Potions
 a - a potion of lignification
 g - a potion of curing {unknown}
 h - a potion of resistance {unknown}
 o - a potion of mutation {unknown}


   Skills:
 + Level 1.7 Fighting
 * Level 2.1 Short Blades
 + Level 2.3 Dodging
 + Level 0.1 Stealth
 + Level 3.5 Unarmed Combat
 + Level 2.2 Spellcasting
 + Level 2.2 Transmutations


You had 6 spell levels left.
You knew the following spells:

 Your Spells              Type           Power      Damage    Failure   Level
a - Beastly Appendage     Tmut           14%        N/A       36%         1

Your spell library contained the following spells:

 Spells                   Type           Power      Damage    Failure   Level
 Wereblood                Tmut           7%         N/A       50%         2
 Spider Form              Tmut/Pois      4%         N/A       86%         3
 Ice Form                 Ice/Tmut       4%         N/A       99%         4


Dungeon Overview and Level Annotations

Branches:
Dungeon (3/15)

Altars:
Gozag

Shops:
D:1 *


Innate Abilities, Weirdness & Mutations

Your plain brown scales are hard. (AC +5)
You cannot fit into any form of body armour.
You are cold-blooded and may be slowed by cold attacks.


Message History

You feel strangely unstable. You block the gnoll's attack.
The gnoll attacks as you move away! The gnoll hits you with a +0 whip.
The gnoll attacks as you move away! The gnoll closely misses you.
Your surroundings suddenly seem different.
An adder and a centaur come into view.
The adder hisses angrily.
A water moccasin comes into view.
The water moccasin hisses angrily.
Found a war axe.
You hear the slow rusting of a drain nearby.
You hear the slow hiss of an avalanche of sand nearby.
The water moccasin barely misses you.
The water moccasin bites you but does no damage.
You block the water moccasin's attack. The water moccasin closely misses you.
The adder attacks as you move away! The adder bites you.
You closely miss the water moccasin.
Your tail-slap misses the water moccasin.
The water moccasin completely misses you.
The water moccasin bites you! You block the adder's attack.
You miss the water moccasin. The water moccasin bites you.
You are poisoned.
The water moccasin poisons you! The adder bites you but does no damage.
The water moccasin barely misses you. The adder barely misses you.
You closely miss the water moccasin. You tail-slap the water moccasin.
The water moccasin is moderately wounded.
You feel very sick. The water moccasin bites you.
The adder bites you but does no damage.
The water moccasin bites you but does no damage.
The adder bites you but does no damage.
You closely miss the water moccasin.
The water moccasin is moderately wounded.
* * * LOW HITPOINT WARNING * * *
You feel very sick. The water moccasin bites you.
* * * LOW HITPOINT WARNING * * *
The adder bites you but does no damage.
You hear a distant slurping noise.
The water moccasin bites you!
You die...

#+#########
..........######
...............#
........S......########
.......@S.............#
...............######...
................... ..#
..........#+##...... ...
..........# #........#.
..........# #........#.
.......#### #........#
......) #.......c#


You could see a water moccasin and an adder.

Vanquished Creatures
  Robin (D:3)
  An orc (D:3)
  A bat (D:1)
  5 endoplasms
  4 giant cockroaches
  13 goblins
  7 hobgoblins
  7 jackals
  4 quokkas
  8 ball pythons
  4 frilled lizards
  9 kobolds
  6 rats
70 creatures vanquished.

Notes
Turn   | Place    | Note
-------+----------+-------------------------------------------
     0 | D:1      | cowcol the Draconian Transmuter began the quest for the
                  | Orb.
     0 | D:1      | Reached XP level 1. HP: 16/16 MP: 3/3
   173 | D:1      | Reached XP level 2. HP: 19/23 MP: 1/5
   525 | D:1      | Reached XP level 3. HP: 27/28 MP: 6/6
   536 | D:1      | Found Ekelet's Assorted Antiques.
   763 | D:2      | Found an opulent altar of Gozag.
   870 | D:2      | Reached skill level 1 in Short Blades
  1109 | D:2      | Found a faded altar of an unknown god.
  1368 | D:3      | Noticed Robin
  1390 | D:3      | Killed Robin
  1391 | D:3      | Reached XP level 4. HP: 29/36 MP: 7/7
  1736 | D:3      | You fall into a shaft and drop 3 floors!
  1829 | D:6      | Noticed a centaur
  1836 | D:6      | Noticed a water moccasin
  1846 | D:6      | Slain by a water moccasin

Illustrated notes

Levels and vault maps discovered:
D:1:      minmay_arrival_hallway, layout_rooms, serial_shops, nicolae_shop_trees
D:2:      layout_rooms, shapermc_ecumenical_altar_notcrosses, basic_altar
D:3:      layout_rooms, uniq_robin, uniq_ijyb
D:6:      layout_basic, nicolae_dithmenos_shadow_blocks, lemuel_crystal_altar,
          minmay_temple_entry_tees, biasface_ghost_orc_armoury,
          gup_sewer_entry_glass, chequers_ossuary_entry_cave,
          minmay_misc_feat_diagonals, uniq_prince_ribbit1

Skill      XL: |  1  2  3  4 |
---------------+-------------+-----
Dodging        | 2 |  2.3
Short Blades   | 1 2 |  2.1
Fighting       | |  1.7
Stealth        | |  0.1
Unarmed Combat | |  3.5
Spellcasting   | |  2.2
Transmutations | |  2.2

Action                   |  1- 3 |  4- 6 || total
-------------------------+-------+-------++-------
Melee: Short sword       |   183 |    29 ||   212
       Unarmed           |    20 |       ||    20
       Kick              |    14 |     1 ||    15
       Tailslap          |    12 |     3 ||    15
       Headbutt          |     3 |     1 ||     4
       Punch             |     3 |       ||     3
       Mace              |       |    30 ||    30
 Cast: Beastly Appendage |     9 |       ||     9
  Use: Potion            |     1 |       ||     1
       Scroll            |     1 |     2 ||     3
 Stab: Sleeping          |     1 |       ||     1
Armor: Skin              |    73 |    20 ||    93
Dodge: Dodged            |   148 |    32 ||   180
Block: Kite shield       |       |    18 ||    18

Table legend: (Time is in decaauts)
 A = Elapsed time spent in this place.
 B = Non-inter-level travel time spent in this place.
 C = Inter-level travel time spent in this place.
 D = Time resting spent in this place.
 E = Time spent auto-exploring this place.
 F = Levels seen in this place.
 G = Mean time per level.
                   A        B        C        D        E       F      G
               +--------+--------+--------+--------+--------+-----+--------+
         Total |   1862 |   1771 |     91 |    108 |    866 |   4 |  465.5 |
       Dungeon |   1862 |   1771 |     91 |    108 |    866 |   4 |  465.5 |
               +--------+--------+--------+--------+--------+-----+--------+

Top non-repeatable levels by time:
     D:1: 755 daAuts
     D:2: 599 daAuts
     D:3: 395 daAuts
     D:6: 111 daAuts
